 Dungeon Crawl Stone Soup version 0.31-a0-1059-g83d41fd8b6 (webtiles) character file.

Game seed: 13867416068106141040

85 Dirtsage the Chopper (level 4, -2/52 HPs)
             Began as a Demonspawn Berserker on Nov 21, 2023.
             Was a Believer of Trog.
             Slain by a gnoll
             ... wielding a +0 halberd
              (6 damage)
             ... on level 2 of the Dungeon.
             The game lasted 00:02:16 (1192 turns).

Dirtsage the Chopper (Demonspawn Berserker)         Turns: 1192, Time: 00:02:17

Health: -2/52      AC:  5    Str: 19    XL:     4   Next: 25%
Magic:  4/4        EV: 11    Int:  9    God:    Trog [**....]
Gold:   29         SH:  0    Dex: 12    Spells: 3/3 levels left

rFire   . . .        a - +0 hand axe
rCold   . . .        (no shield)
rNeg    . . .        e - +0 leather armour
rPois   .            i - +0 hat
rElec   .            (no cloak)
rCorr   .            (no gloves)
SInv    .            h - +1 pair of boots
Will    .....        (no amulet) Stlth
                     (no ring)
HPRegen 0.28/turn    (no ring)
MPRegen 0.09/turn

%: no passive effects
@: berserking, very quick
A: ignite blood 2
a: Renounce Religion, Berserk, Trog's Hand


You were on level 2 of the Dungeon.
You worshipped Trog.
Trog was pleased with you.
You visited 1 branch of the dungeon, and saw 2 of its levels.

You collected 29 gold pieces.

Inventory:

Hand Weapons
 a - a +0 hand axe (weapon)
Armour
 b - a +0 animal skin
 e - a +0 leather armour (worn)
 h - a +1 pair of boots (worn)
 i - a +0 hat (worn)
Scrolls
 g - a scroll of teleportation {unknown}
 j - a scroll of revelation {unknown}
 l - a scroll of poison {unknown}
 m - a scroll of blinking {unknown}
Potions
 c - 6 potions of curing {unknown}
 d - a potion of resistance {unknown}
 f - a potion of enlightenment {unknown}
 k - a potion of degeneration {unknown}
 n - a potion of berserk rage {unknown}


   Skills:
 - Level 3.0 Fighting
 + Level 4.7 Axes
 - Level 1.7 Armour
 - Level 1.7 Dodging


You had 3 spell levels left.
You didn't know any spells.
Your spell library was empty.

Dungeon Overview and Level Annotations

Branches:
Dungeon (2/15)

Altars:


Innate Abilities, Weirdness & Mutations

Your demonic aura often causes spilled blood to erupt in flames.


Message History

The gnoll closely misses you.
You take 13 damage, and have 8/29 hp.
MASSIVE DAMAGE!!
You are too injured to fight recklessly!
A red film seems to cover your vision as you go berserk!
You feel yourself moving faster!
You feel mighty! The dart slug barely misses you. The gnoll closely misses you.
The gnoll hits you with a +0 club.
* * * LOW HITPOINT WARNING * * *
The gnoll closely misses you.
You now have 12/43 hp.
You hit the dart slug.
The dart slug is heavily wounded.
You hit the gnoll. You slash the dart slug!
You kill the dart slug!
Trog accepts your kill.
You slash the gnoll! You hit the dart slug.
You kill the dart slug!
Trog accepts your kill.
You slash the gnoll! You hit the gnoll.
You kill the gnoll!
Trog accepts your kill. The gnoll barely misses you. x2
You have reached level 4!
You feel clever.
Your demonic ancestry asserts itself...
Your blood runs red-hot!
You regained 3 hp, and now have 15/52 hp.
MP restored: 4 You slash the gnoll!
You kill the gnoll!
Trog accepts your kill.
The gnoll hits you from afar with a +0 halberd.
* * * LOW HITPOINT WARNING * * *
You take 6 damage, and have 9/52 hp.
You see here a +2 dagger of venom.
You closely miss the gnoll. The gnoll hits you with a +0 halberd.
* * * LOW HITPOINT WARNING * * *
You take 5 damage, and have 4/52 hp.
You closely miss the gnoll. The gnoll hits you with a +0 halberd.
You die...

....#...................<.....
......................##.....#
.......................†..#
........###.........†....#
..#..##.# #####..........#
..... #.########.........# ..#
.........#.........# ##
........○°.........##
......g@...........#
.....>..#########.## ........#
... .######## ...# .###


You could see a gnoll.

Vanquished Creatures
  2 gnolls (D:2)
  An adder (D:2)
  A worm (D:2)
  3 dart slugs (D:2)
  4 ball pythons (D:2)
  7 endoplasms
  3 giant cockroaches
  A goblin (D:1)
  4 hobgoblins
  2 jackals (D:1)
  2 quokkas (D:1)
  A bat (D:1)
  2 frilled lizards (D:2)
  6 kobolds
  9 rats
48 creatures vanquished.

Notes
Turn   | Place    | Note
-------+----------+-------------------------------------------
     0 | D:1      | Dirtsage the Demonspawn Berserker began the quest for the
                  | Orb.
     0 | D:1      | Reached XP level 1. HP: 18/18 MP: 1/1
     4 | D:1      | Noticed a demonspawn zombie
     6 | D:1      | Noticed a minotaur zombie
    19 | D:1      | Noticed a merfolk zombie
    58 | D:1      | Reached skill level 3 in Axes
    71 | D:1      | Gained mutation: Your demonic aura sometimes causes spilled
                  | blood to erupt in flames. [demonic ancestry]
    71 | D:1      | Reached XP level 2. HP: 22/24 MP: 2/2
   668 | D:1      | Reached ** piety under Trog
   669 | D:1      | Reached XP level 3. HP: 28/29 MP: 3/3
   898 | D:2      | Reached skill level 4 in Axes
   965 | D:2      | Found a faded altar of an unknown god.
  1189 | D:2      | Gained mutation: Your demonic aura often causes spilled
                  | blood to erupt in flames. [demonic ancestry]
  1189 | D:2      | Reached XP level 4. HP: 15/35 MP: 4/4
  1192 | D:2      | Slain by a gnoll

Illustrated notes

Levels and vault maps discovered:
D:1:      shiori_arrival_whats_in_store_for_you, layout_basic
D:2:      layout_rooms, basic_ecumenical_altar

Skill      XL: |  1  2  3 |
---------------+----------+-----
Axes           | 3 4 |  4.7
Fighting       | |  3.0
Armour         | |  1.7
Dodging        | |  1.7

Action                     |  1- 3 |  4- 6 || total
---------------------------+-------+-------++-------
  Melee: Hand axe          |   123 |     3 ||   126
         Punch             |     1 |       ||     1
 Invoke: Berserk           |     1 |       ||     1
   Stab: Sleeping          |     1 |       ||     1
 Armour: Animal skin       |    16 |       ||    16
         Leather armour    |    55 |     3 ||    58
  Dodge: Dodged            |    70 |       ||    70

Table legend: (Time is in decaauts)
 A = Elapsed time spent in this place.
 B = Non-inter-level travel time spent in this place.
 C = Inter-level travel time spent in this place.
 D = Time resting spent in this place.
 E = Time spent auto-exploring this place.
 F = Levels seen in this place.
 G = Mean time per level.
                   A        B        C        D        E       F      G
               +--------+--------+--------+--------+--------+-----+--------+
         Total |   1204 |   1129 |     75 |      0 |    851 |   2 |  602.0 |
       Dungeon |   1204 |   1129 |     75 |      0 |    851 |   2 |  602.0 |
               +--------+--------+--------+--------+--------+-----+--------+

Top non-repeatable levels by time:
     D:1: 878 daAuts
     D:2: 326 daAuts
